 Dungeon Crawl Stone Soup version 0.29.0-11-gd7f09526c8 (webtiles) character file.

Game seed: 2216116275032642360

218 Flugkiller the Chopper (level 5, -3/48 HPs)
             Began as a Minotaur Fighter on Sept 2, 2022.
             Slain by a kobold brigand
             ... wielding a +0 dagger
              (7 damage)
             ... in a sewer.
             The game lasted 00:01:07 (2399 turns).

Flugkiller the Chopper (Minotaur Fighter)           Turns: 2399, Time: 00:01:07

Health: -3/48      AC:  7    Str: 21    XL:     5   Next: 63%
Magic:  4/4        EV:  9    Int:  5    God:
Gold:   94         SH:  4    Dex: 11    Spells: 4/4 levels left

rFire   . . .      SeeInvis .   a - +0 war axe
rCold   . . .      Faith    .   c - +0 buckler
rNeg    . . .      Spirit   .   b - +0 scale mail
rPois   .          Reflect  .   (helmet restricted)
rElec   .          Harm     .   (no cloak)
rCorr   .          Rampage  .   (no gloves)
Will    .....                   (no boots)
Stlth   ..........              (no amulet)
HPRegen 0.16/turn               (no ring)
MPRegen 0.09/turn               (no ring)

@: mighty, attractive, invisible, very slow
A: horns 2, retaliatory headbutt
a: no special abilities


You were in a sewer.
You visited 1 branch of the dungeon, and saw 3 of its levels.
You also visited: Sewer.

You collected 94 gold pieces.

Inventory:

Hand Weapons
 a - a +0 war axe (weapon)
Armour
 b - a +0 scale mail (worn)
 c - a +0 buckler (worn)
Jewellery
 p - a +4 ring of protection
   (You found it on level 3 of the Dungeon)
Scrolls
 e - 4 scrolls of identify {unknown}
 f - a scroll of vulnerability {unknown}
 g - 2 scrolls of enchant armour {unknown}
 h - a scroll of acquirement {unknown}
 i - a scroll of immolation {unknown}
 j - a scroll of blinking {unknown}
 k - 2 scrolls of teleportation {unknown}
 o - a scroll of enchant weapon {unknown}
 q - a scroll of brand weapon {unknown}
Potions
 n - a potion of lignification {unknown}
 r - a potion of brilliance {unknown}
 s - a potion of mutation {unknown}
 t - a potion of cancellation {unknown}


   Skills:
 + Level 5.0 Fighting
 * Level 5.3 Axes
 + Level 4.9 Armour
 - Level 3.6 Shields


You had 4 spell levels left.
You didn't know any spells.
Your spell library was empty.

Dungeon Overview and Level Annotations

Branches:
Dungeon (3/15)              Sewer (1/1)

Altars:


Innate Abilities, Weirdness & Mutations

You have a pair of horns on your head.
You reflexively headbutt those who attack you in melee.


Message History

Moving in this stuff is going to be slow.
You enter the shallow water.
Moving in this stuff is going to be slow.
A kobold comes into view.
It is wielding a +0 short sword and quivering poisoned darts.
Found an inky potion.
A kobold is nearby!
A kobold is nearby!
A kobold comes into view. It is wielding a +0 short sword.
The kobold shouts!
You block the kobold's attack.
You slash the kobold!
You kill the kobold!
The kobold barely misses you. You furiously retaliate!
You headbutt the kobold, but do no damage.
You hit the kobold.
You kill the kobold!
No target in view!
No target in view!
No target in view!
No target in view!
No target in view!
No target in view!
No target in view!
No target in view!
No target in view!
No target in view!
No target in view!
Items here: ( )) †.
s - a coppery potion
t - an inky potion
Items here: ( )) †.
You enter the shallow water.
Moving in this stuff is going to be slow.
You enter the shallow water.
Moving in this stuff is going to be slow.
Things that are here:
a +0 dagger; 4 stones A worm comes into view.
The worm moves out of view.
You enter the shallow water.
Moving in this stuff is going to be slow.
A worm is nearby!
A worm is nearby!
A worm is nearby!
A kobold brigand comes into view.
It is wielding a +0 dagger and quivering poisoned darts.
The kobold brigand shouts!
The worm splashes around in the water.
The kobold brigand hits you with a +0 dagger.
You hit the kobold brigand but do no damage.
You hit the worm.
The kobold brigand hits you but does no damage.
The worm splashes around in the water.
The kobold brigand hits you with a +0 dagger.
You barely miss the worm.
The worm is lightly wounded.
You barely miss the kobold brigand. The worm bites you.
The kobold brigand hits you with a +0 dagger.
You completely miss the worm. You headbutt the worm!
The worm is heavily wounded.
You hit the kobold brigand.
The kobold brigand hits you with a +0 dagger.
The worm bites you.
Your unstable footing causes you to fumble your attack.
The kobold brigand hits you with a +0 dagger.
You slash the worm!
You kill the worm!
You closely miss the kobold brigand.
The kobold brigand hits you with a +0 dagger. x2
* * * LOW HITPOINT WARNING * * *
You are too injured to fight recklessly!
You are too injured to fight recklessly!
The kobold brigand attacks as you move away!
The kobold brigand hits you with a +0 dagger.
* * * LOW HITPOINT WARNING * * *
Your unstable footing causes you to fumble your attack.
The kobold brigand closely misses you.
It was a potion of attraction.
You feel attractive to monsters.
The kobold brigand hits you with a +0 dagger.
* * * LOW HITPOINT WARNING * * *
It was a potion of invisibility.
You fade into invisibility!
The kobold brigand closely misses you.
You feel very mighty all of a sudden.
The kobold brigand hits you but does no damage.
You hit the kobold brigand.
The kobold brigand is moderately wounded.
The kobold brigand hits you with a +0 dagger.
* * * LOW HITPOINT WARNING * * *
You barely miss the kobold brigand.
The kobold brigand is moderately wounded.
The kobold brigand hits you but does no damage.
The kobold brigand splashes around in the water.
Your unstable footing causes you to fumble your attack.
The kobold brigand closely misses you. You furiously retaliate!
You headbutt the kobold brigand. You slash the kobold brigand!
The kobold brigand is almost dead.
The kobold brigand hits you with a +0 dagger!
You die...

#≈ #≈# #~# ##≈##
##~## # ##~~~##
##~..##
##≈##~..~~####~.~..#
≈≈≈≈≈~.∩.~)~~~....~#
##.~.∩.####....~#
##.~.## ##...##
##~## ##### #@# #K#
#~# #.†.# #..~~~#
~~.~.~~# ###~....#
##...## #####


You could see a kobold brigand.

Vanquished Creatures
  A kobold brigand (Sewer)
  A hound (D:3)
  3 gnolls (D:2)
  2 adders
  5 worms
  2 dart slugs
  7 ball pythons
  3 bats
  4 endoplasms
  A giant cockroach (D:2)
  4 goblins
  4 hobgoblins
  7 kobolds
  3 frilled lizards
  10 rats
57 creatures vanquished.

Vanquished Creatures (others)
  A plant (D:2)
1 creature vanquished.

Grand Total: 58 creatures vanquished

Notes
Turn   | Place    | Note
-------+----------+-------------------------------------------
     0 | D:1      | Flugkiller the Minotaur Fighter began the quest for the
                  | Orb.
     0 | D:1      | Reached XP level 1. HP: 19/19 MP: 0/0
   120 | D:1      | Reached XP level 2. HP: 27/27 MP: 1/1
   210 | D:1      | Found a faded altar of an unknown god.
   228 | D:1      | Found a faded altar of an unknown god.
   849 | D:2      | Reached XP level 3. HP: 32/33 MP: 2/2
  1093 | D:2      | Reached XP level 4. HP: 41/41 MP: 3/3
  1500 | D:3      | Identified the +5 arbalest of Indomitability {freeze, Int+6
                  | Dex+4}
  1680 | D:3      | Found a glowing drain.
  1700 | Sewer    | Entered a sewer
  1712 | Sewer    | HP: 2/41 [ball python (3)]
  2158 | Sewer    | Noticed a kobold brigand
  2173 | Sewer    | Killed a kobold brigand
  2174 | Sewer    | Reached skill level 5 in Axes
  2174 | Sewer    | Reached XP level 5. HP: 32/47 MP: 4/4
  2187 | Sewer    | Reached skill level 5 in Fighting
  2399 | Sewer    | Slain by a kobold brigand

Illustrated notes

Levels and vault maps discovered:
D:1:      mushboom_english_gardens, layout_basic,
          hellmonk_ecumenical_altar_the_god_not_taken,
          minmay_misc_feat_secret_circle, minmay_rat_gold_closets
D:2:      layout_basic, nicolae_grassy_gnolls
D:3:      layout_loops_corners, cheibrodos_sewer_entry_bend
Sewer:    sewer_co_15_rooms

Skill      XL: |  1  2  3  4  5 |
---------------+----------------+-----
Axes           | 3 4 5 |  5.3
Fighting       | 4 5 |  5.0
Armour         | 4 |  4.9
Shields        | |  3.6

Action                   |  1- 3 |  4- 6 || total
-------------------------+-------+-------++-------
Melee: War axe           |    56 |    60 ||   116
       Headbutt          |     1 |     6 ||     7
  Use: Potion            |     1 |     3 ||     4
Armor: Scale mail        |    25 |    17 ||    42
Dodge: Dodged            |    24 |    21 ||    45
Block: Buckler           |    14 |     7 ||    21
